 Dungeon Crawl Stone Soup version bcrawl-1.21.2-28-g2cb1824106 (webtiles) character file.

Game seed: 8028486186763360277

44 Freyura the Skirmisher (level 3, -4/24 HPs)
             Began as a Gargoyle Monk on Mar 21, 2020.
             Slain by Crazy Yiuf
             ... wielding a +2 quarterstaff of chaos
              (11 damage)
             ... on level 2 of the Dungeon.
             The game lasted 00:03:02 (1320 turns).

Freyura the Skirmisher (Gargoyle Monk)              Turns: 1320, Time: 00:03:02

Health: -4/24      AC: 12    Str: 14    XL:     3   Next: 62%
Magic:  0/4        EV: 13    Int: 10    God:
Gold:   137        SH:  0    Dex: 13    Spells: 2/2 levels left

rFire    . . .     SeeInvis .   l - +1 mace (protect)
rCold    . . .     Gourm    .   (no shield)
rNeg     + . .     Faith    .   b - +0 robe
rPois    ∞         Spirit   +   c - +0 hat
rElec    +         Reflect  .   (no cloak)
rCorr    .         Harm     .   (no gloves)
MR       .....                  (no boots)
Stlth    ++........             d - amulet of guardian spirit
HPRegen  0.08/turn              (no ring)
MPRegen  0.09/turn              (no ring)

@: protection aura
A: negative energy resistance 1, electricity resistance, unbreathing,
petrification resistance, rot immunity, AC +3
a: no special abilities


You were on level 2 of the Dungeon.
You were hungry.

You visited 1 branch of the dungeon, and saw 2 of its levels.

You collected 137 gold pieces.

Inventory:

Hand Weapons
 a - a +0 mace
 l - a +1 mace of protection (weapon)
Armour
 b - a +0 robe (worn)
 c - a +0 hat (worn)
Jewellery
 d - an amulet of guardian spirit (around neck)
Scrolls
 j - a scroll of immolation {unknown}
 k - a scroll of enchant weapon {unknown}
Potions
 f - a potion of agility {unknown}
 g - a potion of invisibility {unknown}
 h - a potion of magic {unknown}
 i - a potion of curing {unknown}
Comestibles
 e - a ration {!d}


   Skills:
 + Level 3.7 Fighting
 + Level 3.4 Maces & Flails
 + Level 1.4 Armour
 + Level 2.8 Dodging
 - Level 2.4 Stealth
   Level 2.1 Invocations


You had 2 spell levels left.
You didn't know any spells.
Your spell library was empty.

Dungeon Overview and Level Annotations

Branches:
Dungeon (2/12)

Altars:

Annotations:
D:2 Crazy Yiuf


Innate Abilities, Weirdness & Mutations

You are resistant to torment.
Your stone body is resilient. (AC +3)
You are immune to poison.
You resist negative energy. (rN+)
You are resistant to electric shocks. (rElec)
You can survive without breathing.
You are immune to petrification.
You are immune to rotting.


Message History

There is an open door here.
Crazy Yiuf barely misses you.
You see here a mace.
You sock Crazy Yiuf!
Your weapon exudes an aura of protection.
Crazy Yiuf is heavily wounded.
Crazy Yiuf hits you with a +2 quarterstaff of chaos!
You closely miss Crazy Yiuf.
Crazy Yiuf is heavily wounded.
You are feeling hungry.
Crazy Yiuf hits you but does no damage.
You hit Crazy Yiuf.
Crazy Yiuf is severely wounded.
Crazy Yiuf hits you with a +2 quarterstaff of chaos!
* * * LOW HITPOINT WARNING * * *
You feel your power leaking away.
You barely miss Crazy Yiuf.
Crazy Yiuf is severely wounded.
Crazy Yiuf hits you with a +2 quarterstaff of chaos!
You die...

#.#
#########.####
#............#
#.############
#.# ##.##♣♣♣♣♣
#.†+.P)♣)♣♣♣#####
#.....P.♣))♣#)))#
#......♣♣♣♣)'@g.#
##.+.P♣♣ ♣♣#)))#
####♣♣ #####


You could see Crazy Yiuf.

Vanquished Creatures
  A dart slug (D:1)
  3 leopard geckos (D:1)
  3 ball pythons (D:1)
  4 giant cockroaches
  2 goblins (D:1)
  5 hobgoblins
  4 jackals (D:1)
  5 kobolds
  3 bats (D:1)
  2 frilled lizards (D:1)
  3 rats
35 creatures vanquished.

Notes
Turn   | Place    | Note
-------+----------+-------------------------------------------
     0 | D:1      | Freyura the Gargoyle Monk began the quest for the Orb.
     0 | D:1      | Reached XP level 1. HP: 14/14 MP: 2/2
    53 | D:1      | Reached XP level 2. HP: 18/19 MP: 3/3
   434 | D:1      | Reached skill level 1 in Armour
   636 | D:1      | Reached XP level 3. HP: 23/23 MP: 4/4
  1310 | D:2      | Found a runed door.
  1314 | D:2      | Noticed Crazy Yiuf
  1320 | D:2      | Slain by Crazy Yiuf

Skill      XL: |  1  2 |
---------------+-------+-----
Armour         | 1 |  1.4
Fighting       | |  3.7
Maces & Flails | |  3.4
Dodging        | |  2.8
Stealth        | |  2.4
Invocations    | |  2.1

Action                   || total
-------------------------++-------
Melee: Mace              ||   121
 Stab: Distracted        ||     1
       Sleeping          ||     5
  Eat: Chunk             ||     1
Armor: Robe              ||    46
Dodge: Dodged            ||   108
